 Dungeon Crawl Stone Soup version 0.31-a0-460-g9e667d4245 (webtiles) character file.

Game seed: 2098117350446899603

510 MisterAzrael the Shield-Bearer (level 6, 0/56 HPs)
             Began as a Minotaur Fighter on Aug 4, 2023.
             Was an Initiate of the Shining One.
             Slain by a gnoll
             ... wielding a +0 flail
             ... led by a gnoll bouda
              (8 damage)
             ... on level 5 of the Dungeon.
             The game lasted 00:03:57 (3353 turns).

MisterAzrael the Shield-Bearer (Minotaur Fighter)   Turns: 3353, Time: 00:03:58

Health: 0/56       AC: 12    Str: 23    XL:     6   Next: 98%
Magic:  5/5        EV:  9    Int:  5    God:    the Shining One [......]
Gold:   181        SH:  5    Dex:  9    Spells: 5/5 levels left

rFire   . . .        a - +0 long sword
rCold   . . .        c - +0 buckler
rNeg    . . .        b - +0 scale mail
rPois   .            (helmet restricted)
rElec   .            (no cloak)
rCorr   .            f - +0 pair of gloves
SInv    .            (no boots)
Will    .....        (no amulet) Stlth
                     q - +4 ring of protection
HPRegen 0.29/turn    (no ring)
MPRegen 0.09/turn

%: no passive effects
@: mighty, glowing
A: horns 2, retaliatory headbutt
a: Renounce Religion


You were on level 5 of the Dungeon.
You worshipped the Shining One.
The Shining One was noncommittal.
You visited 2 branches of the dungeon, and saw 6 of its levels.

You collected 181 gold pieces.

Inventory:

Hand Weapons
 a - a +0 long sword (weapon)
Missiles
 o - 8 poisoned darts
Armour
 b - a +0 scale mail (worn)
 c - a +0 buckler (worn)
 f - a +0 pair of gloves (worn)
Jewellery
 q - a +4 ring of protection (left hand)
Wands
 t - a wand of paralysis (9)
Scrolls
 e - a scroll of enchant weapon {unknown}
 h - a scroll of poison {unknown}
 j - a scroll of teleportation {unknown}
 k - a scroll of noise {unknown}
 l - 2 scrolls of butterflies {unknown}
 m - 5 scrolls of identify {unknown}
 p - a scroll of immolation {unknown}
 s - a scroll of blinking {unknown}
Potions
 d - 3 potions of might
 g - 2 potions of curing {unknown}
 i - 2 potions of berserk rage {unknown}
 n - a potion of enlightenment {unknown}
 r - a potion of invisibility {unknown}


   Skills:
 + Level 5.5 Fighting
 + Level 4.7 Long Blades
 + Level 1.6 Throwing
 + Level 5.6 Armour
 + Level 5.6 Shields


You had 5 spell levels left.
You didn't know any spells.
Your spell library contained the following spells:

 Spells                   Type           Power      Damage    Failure   Level
 Blink                    Tloc           0%         N/A       92%         2
 Lesser Beckoning         Tloc           0%         N/A       92%         2
 Momentum Strike          Conj/Tloc      0%         3d8       92%         2


Dungeon Overview and Level Annotations

Branches:
Dungeon (5/15)             Temple (1/1) D:4

Altars:
Cheibriados
Dithmenos
Elyvilon
Fedhas
Gozag
Hepliaklqana
Kikubaaqudgha
Makhleb
Nemelex Xobeh
Qazlal
Ru
Sif Muna
Uskayaw
Vehumet
Wu Jian
Xom
Yredelemnul
Zin
The Shining One


Innate Abilities, Weirdness & Mutations

You have a pair of horns on your head.
You reflexively headbutt those who attack you in melee.


Message History

The gnoll hits you but does no damage. The gnoll closely misses you.
You are too injured to fight recklessly!
You are too injured to fight recklessly!
You are too injured to fight recklessly!
You slash the gnoll!
You kill the gnoll!
The gnoll barely misses you. The gnoll hits you but does no damage.
You see here a +0 whip.
The gnoll is no longer moving quickly.
The gnoll hits you but does no damage. x2
Found a stone staircase leading up.
The gnoll barely misses you.
A gnoll comes into view. It is wielding a +0 flail.
The gnoll shouts!
The gnoll hits you but does no damage.
The gnoll throws a throwing net.
The throwing net hits you.
You become entangled in the net!
The gnoll hits you but does no damage.
There is a large open door here.
You see here a throwing net.
You struggle against the net.
The gnoll hits you with a +0 spear. x2
You struggle against the net.
The gnoll hits you but does no damage. The gnoll hits you with a +0 spear.
* * * LOW HITPOINT WARNING * * *
You struggle against the net.
The gnoll hits you with a +0 spear.
* * * LOW HITPOINT WARNING * * *
The gnoll hits you but does no damage.
You shred the net and break free! The gnoll hits you with a +0 spear.
* * * LOW HITPOINT WARNING * * *
The gnoll hits you but does no damage.
You hit the gnoll.
The gnoll is heavily wounded.
The gnoll barely misses you.
The gnoll throws a throwing net.
The throwing net hits you.
You become entangled in the net!
The gnoll hits you but does no damage.
You tear a large gash into the net.
The gnoll hits you but does no damage. x2
You struggle against the net.
The gnoll hits you but does no damage. x2
The gnoll barely misses you.
You rip the net and break free!
The gnoll hits you with a +0 spear.
* * * LOW HITPOINT WARNING * * *
The gnoll hits you with a +0 flail!
You die...

#..... #..... +.....
#.....#####++####
.......#...)....#
.......#)..§§§..#
....<.g#.)≈≈§§§.###
......g@..≈§§≈§.†.####
.....#.'g.≈≈≈≈..'....#
.## #.#..≈§≈≈..###.##
#.#....§...# #.#
..#......§.# #.#
.######++#### #.# #.
#.# # #.# #.#


You could see 3 gnolls.

Vanquished Creatures
  Sigmund (D:2)
  A scorpion (D:3)
  A hound (D:5)
  A gnoll bouda (D:5)
  Terence (D:2)
  A sleepcap (D:5)
  An orc wizard (D:4)
  2 gnolls (D:5)
  6 adders
  2 worms
  A dart slug (D:3)
  9 orcs
  5 ball pythons
  5 bats
  6 endoplasms
  4 giant cockroaches
  4 goblins
  9 hobgoblins
  2 jackals (D:1)
  2 quokkas
  2 frilled lizards
  3 kobolds (D:1)
  9 rats
78 creatures vanquished.

Notes
Turn   | Place    | Note
-------+----------+-------------------------------------------
     0 | D:1      | MisterAzrael the Minotaur Fighter began the quest for the
                  | Orb.
     0 | D:1      | Reached XP level 1. HP: 19/19 MP: 0/0
   143 | D:1      | Reached XP level 2. HP: 27/27 MP: 1/1
   522 | D:1      | Found a faded altar of an unknown god.
   958 | D:2      | Reached XP level 3. HP: 33/33 MP: 2/2
   977 | D:2      | Found a glowing silver altar of Zin.
  1137 | D:2      | Noticed Sigmund
  1146 | D:2      | Killed Sigmund
  1147 | D:2      | Reached skill level 5 in Armour
  1147 | D:2      | Reached skill level 5 in Shields
  1147 | D:2      | Reached XP level 4. HP: 29/41 MP: 3/3
  1147 | D:2      | Reached XP level 5. HP: 33/47 MP: 4/4
  1269 | D:2      | Noticed Terence
  1274 | D:2      | Killed Terence
  1275 | D:2      | Reached skill level 5 in Fighting
  1721 | D:3      | Reached XP level 6. HP: 33/56 MP: 5/5
  2653 | D:4      | Reached skill level 1 in Throwing
  3093 | D:4      | Found a burning altar of Makhleb.
  3119 | D:4      | Found a staircase to the Ecumenical Temple.
  3130 | Temple   | Entered the Ecumenical Temple
  3199 | Temple   | Became a worshipper of the Shining One
  3249 | D:5      | Entered Level 5 of the Dungeon
  3353 | D:5      | Slain by a gnoll

Illustrated notes

Levels and vault maps discovered:
D:1:      amcnicky_arrival_double_pillar, layout_loops_corners,
          ebering_ecumenical_altar_hall
D:2:      layout_basic, basic_altar, uniq_sigmund, uniq_terence
D:3:      layout_basic, corexii_item_surrounded_by_moat, grunt_ministairs_9,
          grunt_decor_resistance, corner_web_ring
D:4:      layout_cave_pools, lightli_temple_of_fire,
          minmay_temple_entry_overgrown
D:5:      layout_basic, lemuel_tele_altar, grunt_decor_clamped,
          kennysheep_generic_room_6
Temple:   nicolae_temple_bog_church

Skill      XL: |  1  2  3  4  5  6 |
---------------+-------------------+-----
Shields        | 4 5 |  5.6
Fighting       | 4 5 |  5.5
Armour         | 4 5 |  5.6
Long Blades    | 3 4 |  4.7
Throwing       | 1 |  1.6

Action                     |  1- 3 |  4- 6 || total
---------------------------+-------+-------++-------
  Melee: Long sword        |    79 |   131 ||   210
         Headbutt          |     7 |    17 ||    24
    Use: Potion            |     1 |     2 ||     3
 Armour: Scale mail        |    39 |   106 ||   145
  Dodge: Dodged            |    46 |    74 ||   120
  Block: Buckler           |    21 |    35 ||    56

Table legend: (Time is in decaauts)
 A = Elapsed time spent in this place.
 B = Non-inter-level travel time spent in this place.
 C = Inter-level travel time spent in this place.
 D = Time resting spent in this place.
 E = Time spent auto-exploring this place.
 F = Levels seen in this place.
 G = Mean time per level.
                   A        B        C        D        E       F      G
               +--------+--------+--------+--------+--------+-----+--------+
         Total |   3402 |   3247 |    155 |    111 |   2493 |   6 |  567.0 |
       Dungeon |   3303 |   3148 |    155 |    111 |   2493 |   5 |  660.6 |
        Temple |     98 |     98 |      0 |      0 |      0 |   1 |   98.0 |
               +--------+--------+--------+--------+--------+-----+--------+

Top non-repeatable levels by time:
     D:3: 1092 daAuts
     D:1: 921 daAuts
     D:2: 643 daAuts
     D:4: 536 daAuts
     D:5: 109 daAuts
  Temple: 98 daAuts
